 Dungeon Crawl Stone Soup version 0.19-a0-1326-gee3fcf6 (webtiles) character file.

4319 LORDOFBUTT the Blocker (level 10, -4/76 HPs)
             Began as a Formicid Fighter on Sept 1, 2016.
             Was a Follower of Okawaru.
             Killed from afar by an electric eel (11 damage)
             ... with a bolt of electricity
             ... on level 9 of the Dungeon.
             The game lasted 00:10:25 (7531 turns).

LORDOFBUTT the Blocker (Formicid Fighter)           Turns: 7531, Time: 00:10:26

Health: -4/76      AC: 12    Str: 22    XL:     10   Next: 58%
Magic:  12/12      EV: 17    Int:  7    God:    Okawaru [*.....]
Gold:   493        SH: 12    Dex: 15    Spells: 0 memorised, 9 levels left

rFire  . . .     SeeInvis +     k - +3 morningstar (curse)
rCold  . . .     Gourm    .     b - +0 scale mail
rNeg   . . .     Faith    .     c - +0 shield
rPois  .         Spirit   .     (helmet unavailable)
rElec  .         Dismiss  .     s - +2 cloak
rCorr  .         Reflect  .     y - +0 pair of gloves
MR     +....     Harm     .     (no boots)
Stlth  +++.......               (no amulet)
                                j - +2 ring of dexterity
                                p - +4 ring of evasion

@: no status effects
A: permanent stasis, dig shafts and tunnels, four strong arms, antennae 3
a: Dig, Shaft Self, Heroism, Renounce Religion


You were on level 9 of the Dungeon.
You worshipped Okawaru.
Okawaru was aware of your devotion.
You were hungry.

You visited 2 branches of the dungeon, and saw 10 of its levels.

You collected 493 gold pieces.

Inventory:

Hand Weapons
 a - a +0 war axe
 k - a cursed +3 morningstar (weapon)
 l - a +1 dire flail of draining
 C - the +1 hand axe of Bankruptcy {chop, rPois rC- rN+ Dex+7}
   (You found it on level 6 of the Dungeon)

   It inflicts extra damage upon your enemies.
   It affects your dexterity (+7).
   It makes you vulnerable to cold.
   It protects you from poison.
   It protects you from negative energy.
Armour
 b - a +0 scale mail (worn)
 c - a +0 shield (worn)
 s - a +2 cloak (worn)
 y - a +0 pair of gloves (worn)
Jewellery
 h - an uncursed ring of protection from magic
 j - a +2 ring of dexterity (right hand)
 o - an uncursed amulet of rage
 p - a +4 ring of evasion (left hand)
 u - an uncursed ring of protection from fire
Wands
 e - a wand of acid (0/15)
 m - a wand of paralysis (11/24)
 v - a wand of paralysis (12/24)
 B - a wand of polymorph (12/24)
Scrolls
 i - a scroll of fog
 w - a scroll of magic mapping
 z - 2 scrolls of amnesia
Potions
 d - a potion of magic
 n - a potion of lignification
 q - a potion of degeneration
 t - 3 potions of agility
 A - 4 potions of brilliance
 D - a potion of cure mutation
 E - a potion of invisibility
Comestibles
 f - a bread ration
 r - 2 meat rations
 x - a royal jelly


   Skills:
 + Level 6.2 Fighting
 - Level 3.3(4.5) Axes
 + Level 4.7(5.2) Maces & Flails
 + Level 6.7 Armour
 + Level 4.6 Dodging
 * Level 8.5 Stealth
 + Level 9.0 Shields
 * Level 3.9 Evocations


You had 9 spell levels left.
You didn't know any spells.

Dungeon Overview and Level Annotations

Branches:
Dungeon (9/15)             Temple (1/1) D:7            Lair (0/6) D:9
    Orc: D:9-12

Altars:
Ashenzari
Cheibriados
Elyvilon
Fedhas
Gozag
Hepliaklqana
Kikubaaqudgha
Makhleb
Nemelex Xobeh
Okawaru
Qazlal
Ru
Sif Muna
Trog
Uskayaw
Vehumet
Xom
Yredelemnul
Zin


Innate Abilities, Weirdness & Mutations

You are under a permanent stasis effect.
You can dig through walls and to a lower floor.
Your four strong arms can wield two-handed weapons with a shield.
You have a pair of large antennae on your head. (SInv)


Message History

The bolt of electricity hits you!
You barely miss the electric eel.
Your unstable footing causes you to fumble your attack.
The electric eel shoots out a bolt of lightning at you!
The bolt of electricity misses you.
You barely miss the electric eel.
The electric eel shoots out a bolt of lightning at you!
The bolt of electricity hits you!
You barely miss the electric eel.
The electric eel shoots out a bolt of lightning at you!
The bolt of electricity hits you!
* * * LOW HITPOINT WARNING * * *
The electric eel shoots out a bolt of lightning at you!
The bolt of electricity hits you!
* * * LOW HITPOINT WARNING * * *
The electric eel shoots out a bolt of lightning at you!
The bolt of electricity misses you.
The electric eel shoots out a bolt of lightning at you!
The bolt of electricity hits you!
You die...

.## #..≈≈≈≈≈.≈≈≈≈ ...
###..≈≈≈≈≈.≈≈≈.. ....
.....≈≈≈≈.≈≈≈≈≈ .....
#...≈≈≈≈..≈≈≈≈ ...#
#..≈≈≈...≈≈≈≈≈
#..##..≈≈≈....≈≈≈≈
#...≈.≈≈....?.≈≈≈
#..≈≈≈.≈.>.≈≈≈≈
#...≈≈≈@...≈≈≈≈
#..≈≈≈;.≈.≈.≈≈≈
#....≈≈≈≈≈≈≈≈≈≈ #####
##...≈≈≈≈≈≈≈≈≈. .[<†####
#.≈≈≈≈≈.≈≈≈≈≈.
.......####.≈....≈≈≈≈≈≈.
#####.....#....≈.≈...≈≈.
#####.#.............
..Z##.............


You could see an electric eel.

Vanquished Creatures
  Joseph (D:7)
  A troll (D:8)
  Grinder (D:3)
  Sigmund (D:3)
  Edmund (D:4)
  Duvessa (D:4)
  3 sky beasts
  An orc warrior (D:7)
  5 wolves
  3 ogres
  Blork the orc (D:4)
  10 giant frogs
  Dowan (D:4)
  4 howler monkeys
  4 wights (D:7)
  An electric eel (D:9)
  3 centaur zombies
  2 crimson imps
  4 hounds
  A jelly (D:5)
  A giant frog zombie (D:9)
  2 centaur skeletons
  2 orc priests
  A giant frog skeleton (D:5)
  5 orc wizards
  An iguana (D:7)
  Crazy Yiuf (D:4)
  Terence (D:3)
  3 worker ants
  A hound zombie (D:4)
  Robin (D:4)
  A worker ant zombie (D:4)
  A howler monkey skeleton (D:8)
  7 gnolls (D:4)
  7 adders
  3 shadow imps
  2 adder zombies (D:4)
  An adder skeleton (D:8)
  2 worms
  2 dart slugs
  A giant gecko (D:8)
  18 orcs
  2 giant cockroaches
  17 goblins
  8 hobgoblins
  9 jackals
  4 kobolds
  2 quokkas
  A ball python zombie (D:4)
  13 bats
  A giant cockroach zombie (D:4)
  A giant gecko zombie (D:4)
  A giant newt (D:3)
  A quokka skeleton (D:9)
  7 rats
180 creatures vanquished.

Vanquished Creatures (others)
  A human (D:4)
1 creature vanquished.

Grand Total: 181 creatures vanquished

Notes
Turn   | Place    | Note
-------+----------+-------------------------------------------
     0 | D:1      | LORDOFBUTT the Formicid Fighter began the quest for the Orb.
     0 | D:1      | Reached XP level 1. HP: 18/18 MP: 1/1
    92 | D:1      | Reached XP level 2. HP: 24/24 MP: 2/2
   344 | D:1      | Reached skill level 4 in Shields
   349 | D:1      | Reached XP level 3. HP: 20/29 MP: 3/3
   746 | D:2      | Reached XP level 4. HP: 33/35 MP: 4/4
   929 | D:2      | Reached skill level 1 in Stealth
   986 | D:2      | Found a sparkling altar of Nemelex Xobeh.
  1053 | D:2      | Found a shimmering altar of Xom.
  1444 | D:3      | Noticed Sigmund
  1449 | D:3      | Noticed Grinder
  1456 | D:3      | Killed Sigmund
  1456 | D:3      | Reached skill level 1 in Dodging
  1456 | D:3      | Reached XP level 5. HP: 18/42 MP: 5/5
  1456 | D:3      | Reached XP level 6. HP: 21/48 MP: 6/6
  1465 | D:3      | You fall through a shaft!
  1718 | D:4      | Reached skill level 5 in Shields
  1818 | D:4      | Noticed Edmund
  1845 | D:4      | Killed Edmund
  1845 | D:4      | Reached XP level 7. HP: 13/55 MP: 7/7
  2178 | D:4      | Noticed Blork the orc
  2201 | D:4      | Killed Blork the orc
  2552 | D:4      | Found an ancient bone altar of Kikubaaqudgha.
  2552 | D:4      | Noticed a human
  2555 | D:4      | Killed a human
  2561 | D:4      | Reached skill level 6 in Shields
  2619 | D:4      | Noticed Duvessa
  2621 | D:4      | Noticed Dowan
  2630 | D:4      | Killed Duvessa
  2630 | D:4      | Reached skill level 1 in Maces & Flails
  2630 | D:4      | Reached XP level 8. HP: 36/61 MP: 8/8
  2644 | D:4      | Killed Dowan
  2644 | D:4      | Reached skill level 5 in Armour
  2886 | D:4      | Found a runed door.
  2953 | D:4      | Noticed Robin
  2962 | D:4      | Killed Robin
  3048 | D:4      | Noticed Crazy Yiuf
  3057 | D:4      | Killed Crazy Yiuf
  3057 | D:4      | Reached skill level 5 in Stealth
  3084 | D:5      | Entered Level 5 of the Dungeon
  3174 | D:5      | Reached skill level 5 in Fighting
  3436 | D:3      | Noticed Terence
  3446 | D:3      | Killed Terence
  3523 | D:3      | Killed Grinder
  3523 | D:3      | Reached skill level 7 in Shields
  3523 | D:3      | Reached XP level 9. HP: 42/68 MP: 9/9
  4346 | D:6      | Got a jewelled hand axe
  4347 | D:6      | Identified the +1 hand axe of Bankruptcy {chop, rPois rC- rN+ Dex+7} (You found it on level 6 of the Dungeon)
  4862 | D:7      | Reached skill level 1 in Evocations
  4928 | D:7      | Noticed Joseph
  4942 | D:7      | Killed Joseph
  4942 | D:7      | Reached skill level 8 in Shields
  4955 | D:7      | Reached XP level 10. HP: 34/76 MP: 11/11
  5643 | D:7      | Found a basalt altar of Yredelemnul.
  5717 | D:7      | Found a sparkling altar of Nemelex Xobeh.
  5717 | D:7      | Found a deep blue altar of Sif Muna.
  5717 | D:7      | Found a sacrificial altar of Ru.
  5717 | D:7      | Found a glowing silver altar of Zin.
  5719 | D:7      | Found a hazy altar of Hepliaklqana.
  5719 | D:7      | Found a hide-covered altar of Uskayaw.
  5720 | D:7      | Found an opulent altar of Gozag.
  5751 | D:7      | Found a staircase to the Ecumenical Temple.
  5767 | Temple   | Entered the Ecumenical Temple
  5984 | Temple   | Became a worshipper of Warmaster Okawaru
  6851 | D:9      | Found a staircase to the Lair.
  6911 | D:8      | Reached * piety under Okawaru
  7234 | D:8      | Reached skill level 9 in Shields
  7531 | D:9      | Killed from afar by an electric eel

Vault maps used:
D:1:      scummos_arrival_forest, st_stairs_14
D:2:      tgw_xom, nemelex_diamond_rough_becter
D:3:      lemuel_old_faithful, uniq_sigmund, uniq_terence, uniq_grinder
D:4:      first_bread, serial_undead, serial_undead_f, serial_undead_c,
          serial_undead_b, serial_undead_e, tgw_kikubaaqudgha, uniq_duvessa,
          uniq_robin, uniq_blork_the_orc, uniq_edmund, uniq_crazy_yiuf_cottage
D:5:      serial_bayou_crossing
D:7:      grunt_temple_overflow_open, uniq_joseph
D:9:      nicolae_dithmenos_shadow_blocks, tso_metal_star, erik_lair_island,
          hangedman_pestilent_swarm
Temple:   jpeg_temple_alley_garden

Skill      XL: |  1  2  3  4  5  6  7  8  9 10 |
---------------+-------------------------------+-----
Shields        | 4 5 6 7 8 9 |  9.0
Stealth        | 2 3 4 5 7 8 |  8.5
Armour         | 4 5 6 |  6.7
Axes           | 3 |  3.3
Dodging        | 1 2 3 4 |  4.6
Fighting       | 4 5 6 |  6.2
Maces & Flails | 1 3 4 |  4.7
Evocations     | 2 3 |  3.9

Action                   |  1- 3 |  4- 6 |  7- 9 | 10-12 || total
-------------------------+-------+-------+-------+-------++-------
Melee: War axe           |   112 |    71 |       |       ||   183
       Dire flail        |       |       |   267 |       ||   267
       Hand axe          |       |       |    73 |       ||    73
       Morningstar       |       |       |    19 |   212 ||   231
Invok: Heroism           |       |       |       |     1 ||     1
 Abil: Shaft Self        |       |     1 |       |       ||     1
Evoke: Wand              |       |       |       |     1 ||     1
  Use: Potion            |       |     4 |       |     1 ||     5
       Scroll            |       |     1 |    14 |     4 ||    19
 Stab: Sleeping          |       |       |     3 |     2 ||     5
       Distracted        |       |       |       |     2 ||     2
  Eat: Beef jerky        |       |     1 |     1 |       ||     2
       Chunk             |       |     1 |       |       ||     1
       Bread ration      |       |     1 |     1 |     1 ||     3
       Meat ration       |       |       |     1 |       ||     1
Armor: Scale mail        |    59 |    27 |    89 |    61 ||   236
Dodge: Dodged            |    51 |    23 |   160 |   188 ||   422
Block: Shield            |    78 |    43 |   235 |   203 ||   559
